 Dungeon Crawl Stone Soup version 0.29.1-13-g9f3cf754e1 (webtiles) character file.

Game seed: 16432639583111569064

8 CungeonDrawl the Firebug (level 2, 11/19 HPs)
             Began as a Demonspawn Fire Elementalist on Jan 26, 2023.
             Quit the game on level 1 of the Dungeon.
             The game lasted 00:02:36 (414 turns).

CungeonDrawl the Firebug (DsFE)                      Turns: 414, Time: 00:02:37

Health: 11/19      AC:  2    Str:  8    XL:     2   Next: 0%
Magic:  1/5        EV:  9    Int: 16    God:
Gold:   13         SH:  4    Dex: 13    Spells: 4/5 levels left

rFire   . . .      SeeInvis .   (no weapon)
rCold   . . .      Faith    .   (no shield)
rNeg    . . .      Spirit   .   a - +0 robe
rPois   .          Reflect  .   (no helmet)
rElec   .          Harm     .   (no cloak)
rCorr   .          Rampage  .   (no gloves)
Will    .....                   (no boots)
Stlth   ++........              (no amulet)
HPRegen 0.06/turn               (no ring)
MPRegen 0.09/turn               (no ring)

@: constricted
A: condensation shield
a: no special abilities


You were on level 1 of the Dungeon.
You visited 1 branch of the dungeon, and saw 2 of its levels.

You collected 13 gold pieces.

Inventory:

Armour
 a - a +0 robe (worn)
Scrolls
 d - a scroll of teleportation {unknown}
Potions
 b - a potion of magic
 c - a potion of might {unknown}


   Skills:
 - Level 1.7 Dodging
 - Level 1.7 Stealth
 + Level 2.2 Spellcasting
 + Level 1.4 Conjurations
 + Level 2.9 Fire Magic


You had 4 spell levels left.
You knew the following spells:

 Your Spells              Type           Power      Damage    Failure   Level
a - Foxfire               Conj/Fire      32%        2x1d5     9%          1

Your spell library contained the following spells:

 Spells                   Type           Power      Damage    Failure   Level
 Scorch                   Fire           22%        2d6       10%         2
 Conjure Flame            Conj/Fire      8%         6-21      26%         3
 Inner Flame              Hex/Fire       6%         N/A       32%         3
 Flame Wave               Conj/Fire      8%         2d5       63%         4


Dungeon Overview and Level Annotations

Branches:
Dungeon (2/15)

Altars:


Innate Abilities, Weirdness & Mutations

A meltable shield of frost defends you. (SH +4)


Message History

Found 5 stones.
You now have 13 gold pieces.
An endoplasm comes into view.
Found a stone staircase leading up.
You miscast Foxfire.
You are very lightly contaminated with residual magic.
Nothing appears to happen.
You conjure some foxfire!
The endoplasm quivers.
You conjure some foxfire!
You are out of magic!
The foxfire hits the endoplasm.
The endoplasm is severely wounded.
The foxfire hits the endoplasm.
You kill the endoplasm!
Your foxfire dissipates! x2
Your magical contamination has completely faded away.
There is a stone staircase leading up here.
You open the door.
There is an open door here.
Key pressed, stopping explore.
There is an open door here.
There is a stone staircase leading up here.
You climb upwards.
The ball python barely misses you. The ball python grabs you.
The ball python constricts you.
Found an escape hatch in the floor.
There is a stone staircase leading down here.
You conjure some foxfire!
The ball python bites you. The ball python constricts you.
You conjure some foxfire!
The foxfire hits the ball python.
You kill the ball python!
The ball python bites you. The ball python constricts you.
You have reached level 2!
Your demonic ancestry asserts itself...
Frost condenses into a shield before you.
Unknown command.
Unknown command.
Clearing monster memory.
There's nothing to close nearby.
Are you sure you want to abandon this character and quit the game? (Confirm with "yes".)

### #.. ..
#.#
.#######..#
......Svv#
......v@§+
........§#
.........#
.........#
.........#
#.........
..........
P.......>..


You could see a ball python (ally target).

Vanquished Creatures
  An endoplasm (D:2)
  A hobgoblin (D:1)
  4 ball pythons (D:1)
  A frilled lizard (D:2)
  A kobold (D:1)
  A rat (D:1)
9 creatures vanquished.

Vanquished Creatures (others)
  28 foxfires
28 creatures vanquished.

Grand Total: 37 creatures vanquished

Notes
Turn   | Place    | Note
-------+----------+-------------------------------------------
     0 | D:1      | CungeonDrawl the Demonspawn Fire Elementalist began the
                  | quest for the Orb.
     0 | D:1      | Reached XP level 1. HP: 13/13 MP: 3/3
   192 | D:1      | You fall into a shaft and drop 1 floor!
   414 | D:1      | Gained mutation: A meltable shield of frost defends you.
                  | (SH +4) [demonic ancestry]
   414 | D:1      | Reached XP level 2. HP: 11/19 MP: 1/5
   414 | D:1      | Quit the game

Illustrated notes

Levels and vault maps discovered:
D:1:      denvon_arrival_waterhouse, layout_basic,
          dreamdust_ecumenical_altar_hidden_monk_grotto
D:2:      layout_loops_corners, basic_altar

Action                   || total
-------------------------++-------
 Cast: Foxfire           ||    16
Dodge: Dodged            ||     1
